 Dungeon Crawl Stone Soup version 0.29.1-12-g30fa7ad0bf (webtiles) character file.

Game seed: 14348263728832207544

1659 wormed the Cudgeller (level 9, -7/61 HPs)
             Began as a Gargoyle Fighter on Dec 20, 2022.
             Killed by divine providence
             ... invoked by an orc priest
              (15 damage)
             ... on level 5 of the Dungeon.
             The game lasted 00:10:43 (5076 turns).

wormed the Cudgeller (Gargoyle Fighter)             Turns: 5076, Time: 00:10:43

Health: -7/61      AC: 29    Str: 23    XL:     9   Next: 0%
Magic:  9/9        EV:  7    Int:  8    God:
Gold:   206        SH:  5    Dex: 13    Spells: 8/8 levels left

rFire   . . .      SeeInvis .   s - +0 whip (freeze)
rCold   . . .      Faith    .   c - +0 buckler
rNeg    + . .      Spirit   .   u - +0 chain mail
rPois   ∞          Reflect  .   (no helmet)
rElec   +          Harm     .   j - +1 cloak
rCorr   .          Rampage  .   e - +2 pair of gloves
Will    .....                   w - +2 pair of boots
Stlth   ..........              (no amulet)
HPRegen 0.20/turn               n - +4 ring of protection
MPRegen 0.11/turn               (no ring)

@: hasted, very quick
A: sickness immunity, AC +6, negative energy resistance 1, electricity
resistance, torment resistance 1, petrification resistance, agile 1, sense
surroundings 1, robust 1
a: no special abilities


You were on level 5 of the Dungeon.
You visited 1 branch of the dungeon, and saw 5 of its levels.

You collected 206 gold pieces.

Inventory:

Hand Weapons
 s - a +0 whip of freezing (weapon)
Armour
 c - a +0 buckler (worn)
 e - a +2 pair of gloves (worn)
 j - a +1 cloak (worn)
 u - a +0 chain mail (worn)
 w - a +2 pair of boots (worn)
Jewellery
 l - an amulet of magic regeneration
 n - a +4 ring of protection (left hand)
Wands
 r - a wand of flame (44)
Scrolls
 k - 4 scrolls of teleportation
 m - a scroll of butterflies
 t - a scroll of magic mapping
 v - a scroll of torment {unknown}
Potions
 a - a potion of attraction
 b - 2 potions of lignification {unknown}
 d - 3 potions of might
 f - a potion of degeneration
 g - a potion of ambrosia {unknown}
 h - a potion of heal wounds {unknown}
 i - a potion of berserk rage
 o - a potion of haste
 p - 2 potions of brilliance {unknown}
 q - a potion of curing {unknown}


   Skills:
 + Level 6.3 Fighting
 * Level 7.3 Maces & Flails
 + Level 6.3 Armour
 + Level 6.3 Shields


You had 8 spell levels left.
You didn't know any spells.
Your spell library was empty.

Dungeon Overview and Level Annotations

Branches:
Dungeon (5/15)
 Temple: D:4-7

Altars:
Ashenzari
Ru

Shops:
D:3 *[!(

Annotations:
D:5 2 transporters


Innate Abilities, Weirdness & Mutations

You are immune to sickness and miasma.
Your stone body is resilient. (AC +6)
You are immune to poison.
You resist negative energy. (rN+)
You are resistant to electric shocks. (rElec)
You are resistant to unholy torment.
You are immune to petrification.
You are agile. (Dex +4, Str/Int -1)
You passively map a small area around you.
You are robust. (+10% HP)


Message History

The gnoll bouda is moderately wounded.
The gnoll bouda barks out a call to the hunt!
You hit the gnoll bouda. You freeze the gnoll bouda.
The gnoll bouda is moderately wounded.
You block the gnoll's attack.
The gnoll bouda hits you but does no damage.
You barely miss the gnoll bouda.
The gnoll bouda is moderately wounded.
The gnoll hits you but does no damage.
You closely miss the gnoll bouda.
The gnoll bouda is moderately wounded.
An orc priest comes into view. It is wielding a +0 short sword.
The gnoll bouda hits you with a +0 whip.
You block the gnoll's attack.
You hit the gnoll bouda. You freeze the gnoll bouda.
The gnoll bouda is heavily wounded.
The gnoll bouda hits you with a +0 whip!
The gnoll hits you from afar with a +0 halberd.
You hit the gnoll bouda. You freeze the gnoll bouda.
The gnoll bouda is severely wounded.
The gnoll bouda hits you but does no damage.
The orc priest casts a cantrip, but nothing happens.
You hit the gnoll bouda. You freeze the gnoll bouda.
You kill the gnoll bouda!
Your attacks no longer feel as feeble.
The gnoll hits you from afar with a +0 halberd!
An orc priest comes into view. It is wielding a +0 dagger.
You have reached level 9!
Your experience leads to an increase in your attributes!
Your base attributes are Str 22, Int 9, Dex 9.
Increase (S)trength, (I)ntelligence, or (D)exterity?
You feel stronger. x2
You feel yourself speed up. The gnoll hits you but does no damage.
The orc priest mumbles some strange prayers to Beogh against you.
Beogh smites you!
* * * LOW HITPOINT WARNING * * *
The orc priest casts a cantrip, but nothing happens.
The orc priest mumbles some strange prayers to Beogh against you.
Beogh smites you!
You die...

##, * #...........# #.# .., *
#.#####..#### #.# **g##* #.#
##...######## #.# ,.g
#.####...........# #.# #.
#.#............#.####.#
#o#g###.#.###..#.#..........#
, #...)g....#
#..#.......###.##
###†###.#####..######### #.#.
*, ** #. #go...@..# #).. , ..*
########.# ###. * *### #.# ##
######## #.# # #......# #.# #
#.####.# ##.##### # ##...##.#
#......#########
#.....#.######..#...........##
#...................###....[..


You could see an orc priest and a gnoll (swift).

Vanquished Creatures
  Pikel (D:4)
  Sigmund (D:2)
  A water moccasin (D:5)
  An ice beast (D:3)
  A necrophage (D:4)
  6 scorpions
  2 hounds (D:5)
  2 jellies
  2 orc priests (D:4)
  An orc wizard (D:4)
  A gnoll bouda (D:5)
  A scorpion zombie (D:3)
  A hound zombie (D:3)
  6 gnolls
  3 adders
  2 white imps
  An ufetubus (D:5)
  A worm (D:3)
  3 dart slugs
  7 orcs
  4 ball pythons
  8 endoplasms
  3 giant cockroaches
  6 goblins
  5 hobgoblins
  5 quokkas
  A ball python skeleton (D:3)
  3 bats
  5 frilled lizards
  3 kobolds
  A quokka skeleton (D:3)
  8 rats
96 creatures vanquished.

Notes
Turn   | Place    | Note
-------+----------+-------------------------------------------
     0 | D:1      | wormed the Gargoyle Fighter began the quest for the Orb.
     0 | D:1      | Reached XP level 1. HP: 14/14 MP: 1/1
   375 | D:1      | Reached XP level 2. HP: 19/19 MP: 2/2
   480 | D:1      | Found a faded altar of an unknown god.
  1009 | D:2      | Reached XP level 3. HP: 19/23 MP: 3/3
  1511 | D:2      | Reached skill level 3 in Maces & Flails
  1603 | D:2      | Noticed Sigmund
  1611 | D:2      | Killed Sigmund
  1612 | D:2      | Reached skill level 4 in Maces & Flails
  1612 | D:2      | Reached XP level 4. HP: 27/29 MP: 4/4
  1612 | D:2      | Reached XP level 5. HP: 31/33 MP: 5/5
  1884 | D:3      | Found a broken altar of Ashenzari.
  1888 | D:3      | Saw a vision of the Swamp and the Spider Nest.
  1888 | D:3      | Noticed a demonic crawler
  1888 | D:3      | Noticed a demonic crawler
  1888 | D:3      | Noticed a culicivora
  1888 | D:3      | Noticed a swamp drake
  1888 | D:3      | Noticed a spriggan druid
  1888 | D:3      | Noticed a shambling mangrove
  1888 | D:3      | Noticed a spriggan rider
  1888 | D:3      | Noticed a spriggan rider
  1888 | D:3      | Noticed a bloated husk
  1888 | D:3      | Noticed a bloated husk
  1888 | D:3      | Noticed a tyrant leech
  1889 | D:3      | Noticed an entropy weaver
  1889 | D:3      | Noticed a steelbarb worm
  1889 | D:3      | Noticed a tyrant leech
  1890 | D:3      | Noticed a demonic crawler
  1891 | D:3      | Noticed a goliath frog
  1891 | D:3      | Noticed a demonic crawler
  1891 | D:3      | Noticed a culicivora
  1892 | D:3      | Noticed a redback
  1893 | D:3      | Noticed an eleionoma
  1986 | D:3      | Reached XP level 6. HP: 37/38 MP: 6/6
  2017 | D:3      | Found Naoseek's Distillery.
  2094 | D:3      | Found Giuguc's Antique Armour Shoppe.
  2136 | D:3      | Found Eruucurph's Assorted Antiques.
  2203 | D:3      | Noticed an ice beast
  2217 | D:3      | Killed an ice beast
  2316 | D:3      | Found Ekeopteqeo's Weapon Shop.
  2679 | D:3      | Gained mutation: You are agile. (Dex +4, Str/Int -1)
                  | [potion of mutation]
  2679 | D:3      | Gained mutation: You are robust. (+10% HP) [potion of
                  | mutation]
  2679 | D:3      | Gained mutation: You passively map a small area around you.
                  | [potion of mutation]
  2885 | D:4      | Noticed Pikel
  2922 | D:4      | Killed Pikel
  2923 | D:4      | Reached skill level 5 in Fighting
  2923 | D:4      | Reached skill level 5 in Maces & Flails
  2923 | D:4      | Reached skill level 5 in Armour
  2923 | D:4      | Reached skill level 5 in Shields
  2923 | D:4      | Reached XP level 7. HP: 17/48 MP: 7/7
  3195 | D:4      | Reached XP level 8. HP: 35/55 MP: 8/8
  3433 | D:4      | Reached skill level 6 in Maces & Flails
  3771 | D:4      | Found the +7 staff of the Meek {protect, meekguard}
  4219 | D:5      | Entered Level 5 of the Dungeon
  4222 | D:5      | Found a sacrificial altar of Ru.
  4681 | D:5      | Reached skill level 7 in Maces & Flails
  4728 | D:5      | Found a transporter.
  4756 | D:5      | Found a transporter.
  5069 | D:5      | Reached XP level 9. HP: 21/61 MP: 9/9
  5076 | D:5      | Killed from afar by an orc priest

Illustrated notes

Levels and vault maps discovered:
D:1:      nzn_arrival_settlement, layout_basic, basic_ecumenical_altar
D:2:      layout_rooms, uniq_sigmund
D:3:      layout_basic, grunt_ashenzari_visionary
          [grunt_ashenzari_visionary_swamp, grunt_ashenzari_visionary_spider],
          serial_shops, nicolae_shop_behind_doors, nicolae_square_shop,
          nicolae_shop_statue_plus, shop, serial_undead, serial_undead_a,
          serial_undead_e, serial_undead_a, serial_undead_c
D:4:      layout_loops_corners, pf_guarded_unrand_meek, uniq_pikel
D:5:      gammafunk_steamed_eel, layout_loops_corners,
          mainiacjoe_overflow_surrounded_room, grunt_decor_cap

Skill      XL: |  1  2  3  4  5  6  7  8 |
---------------+-------------------------+-----
Maces & Flails | 4 5 7 |  7.3
Fighting       | 4 5 6 |  6.3
Armour         | 4 5 6 |  6.3
Shields        | 4 5 6 |  6.3

Action                   |  1- 3 |  4- 6 |  7- 9 || total
-------------------------+-------+-------+-------++-------
Melee: Flail             |   100 |   108 |       ||   208
       Whip              |       |    47 |   234 ||   281
  Use: Scroll            |       |    13 |       ||    13
       Potion            |       |     2 |     1 ||     3
Armor: Scale mail        |    60 |    90 |    67 ||   217
       Chain mail        |       |       |    87 ||    87
Dodge: Dodged            |    52 |    78 |    62 ||   192
Block: Buckler           |    20 |    24 |    45 ||    89
